Map: Eastwatch LE

Players

MaNa - Winner!

  • Race: Protoss Protoss
  • Spawn Location: 1:00

Minato

  • Race: Zerg Zerg
  • Spawn Location: 7:00

Event: IEM Season 12 - Katowice

VOD

Have the link to the VOD?

Description

Time

  • Played on: Feb. 26, 2018, 10:18 a.m.
  • Length: 7:03

All games in this series

Show
View Real Time Build Order
Export as new Build Order

MaNa Protoss - Winner!

Build Orders: 1 Gate Expand, Oracle Opening 

Get SALT Encoding   

  12  0:00  Probe  
  13  0:12  Probe  
  14  0:18  Pylon  
  14  0:24  Probe (Chrono Boost)  
  15  0:36  Probe (Chrono Boost)  
  15  0:37  Assimilator  
  16  0:45  Probe (Chrono Boost)  
  16  0:48  Gateway  
  17  0:51  Probe (Chrono Boost)  
  18  1:03  Probe (Chrono Boost)  
  19  1:10  Probe (Chrono Boost)  
  20  1:17  Probe  
  21  1:30  Nexus  
  21  1:39  Cybernetics Core  
  21  1:47  Probe  
  22  1:49  Assimilator  
  22  1:56  Pylon  
  22  1:59  Probe  
  23  2:13  Pylon  
  23  2:14  Probe, Adept (Chrono Boost)  
  24  2:20  Warp Gate (Chrono Boost)  
  27  2:33  Stargate  
  28  2:37  Adept (Chrono Boost)  
  28  2:38  Probe  
  28  2:42  Probe  
  30  2:50  Probe  
  31  2:55  Probe  
  31  2:56  Adept (Chrono Boost)  
  34  3:03  Probe  
  35  3:07  Probe  
  36  3:15  Probe, Oracle (Chrono Boost)  
  36  3:19  Probe  
  41  3:23  Gateway  
  42  3:27  Probe  
  42  3:33  Probe  
  43  3:39  Probe  
  44  3:44  Oracle  
  44  3:47  Pylon  
  47  3:53  Gateway  
  47  4:01  Gateway  
  45  4:11  Shield Battery  
  45  4:13  Pylon  
  45  4:14  Probe  
  45  4:15  Probe  
  46  4:22  Sentry, Stalker  
  50  4:26  Pylon  
  50  4:27  Probe x2  
  50  4:30  Oracle  
  51  4:39  Probe x2  
  53  4:51  Probe  
  54  4:53  Adept x2  
  54  4:54  Probe  
  54  4:56  Assimilator  
  54  4:57  Assimilator  
  59  5:01  Twilight Council  
  59  5:10  Probe x2  
  61  5:15  Pylon  
  61  5:22  Pylon, Nexus  
  61  5:25  Probe  
  62  5:30  Pylon  
  62  5:31  Pylon  
  62  5:32  Resonating Glaives (Chrono Boost)  
  62  5:38  Adept x2  
  62  5:40  Adept  
  68  5:48  Adept  
  70  5:52  Robotics Facility  
  70  5:55  Probe  
  72  5:57  Shield Battery  
  72  6:02  Adept x2  
  75  6:04  Adept  
  75  6:06  Probe  
  75  6:08  Probe  
  75  6:11  Adept  
  81  6:22  Probe  
  79  6:30  Adept x3  
  79  6:31  Adept  
  87  6:33  Probe x2  
  87  6:34  Probe  
Show
View Real Time Build Order
Export as new Build Order

Minato Zerg 

Build Orders: Hatch First, Zergling Baneling 

Get SALT Encoding   

  12  0:00  Drone  
  13  0:12  Overlord  
  13  0:17  Drone  
  14  0:30  Drone x2  
  16  0:49  Hatchery  
  15  0:52  Drone  
  15  0:55  Drone  
  17  0:57  Extractor  
  17  1:00  Drone  
  17  1:13  Drone  
  18  1:19  Drone  
  19  1:30  Drone  
  20  1:43  Overlord  
  20  1:51  Drone  
  21  1:55  Spawning Pool  
  20  2:02  Drone x2  
  22  2:10  Drone  
  22  2:12  Drone  
  24  2:22  Hatchery  
  23  2:24  Drone x2  
  25  2:35  Drone x2  
  27  2:41  Queen  
  27  2:42  Queen  
  27  2:43  Zergling x2  
  32  2:45  Zergling x2  
  32  2:49  Metabolic Boost  
  33  2:57  Baneling Nest  
  33  2:58  Zergling x2  
  33  3:00  Zergling x2  
  34  3:07  Drone x2  
  34  3:09  Spore Crawler  
  34  3:21  Zergling x2  
  34  3:23  Overlord  
  36  3:39  Zergling x10  
  39  3:48  Zergling x6  
  40  3:50  Spore Crawler  
  40  3:53  Zergling x6  
  39  3:59  Zergling x4  
  40  4:04  Zergling x2  
  38  4:17  Zergling x6  
  38  4:18  Zergling x2  
  42  4:25  Baneling x4  
  42  4:30  Baneling x4  
  42  4:31  Baneling  
  40  4:37  Spore Crawler  
  40  4:38  Zergling x2  
  40  4:42  Zergling x4  
  40  4:48  Zergling x4  
  37  5:03  Drone x5  
  37  5:05  Drone  
  43  5:07  Drone  
  43  5:13  Spore Crawler  
  42  5:28  Drone x3  
  42  5:32  Overlord x2  
  42  5:33  Overlord  
  40  5:39  Overlord  
  36  5:53  Drone x3  
  36  5:54  Queen  
  36  5:55  Queen  
  43  6:01  Drone  
  43  6:02  Drone x2  
  46  6:06  Drone x2  
  46  6:11  Baneling x5  
  48  6:13  Zergling x2  
  48  6:14  Zergling x2  
  48  6:16  Zergling x2  
  42  6:26  Drone  
  42  6:27  Drone  
  42  6:32  Drone  
  45  6:37  Baneling x4  
  45  6:39  Drone x2  
  48  6:40  Drone  

Tags
 
Add a new tag
Caveats
  • Supply blocks, unpowered buildings, or Contaminate may cause inaccurate times.
  • Supply counts are checked every 10 seconds.